 Dungeon Crawl Stone Soup version 0.28.0-53-g5a82cb258f (webtiles) character file.

Game seed: 1759416837728914037

60 Descartes the Sneak (level 3, -4/17 HPs)
             Began as a Felid Delver on July 5, 2022.
             Slain by a bullfrog zombie (6 damage)
             ... on level 5 of the Dungeon.
             The game lasted 00:00:21 (247 turns).

Descartes the Sneak (Felid Delver)                   Turns: 247, Time: 00:00:22

Health: -4/17      AC:  1    Str: 10    XL:     3   Next: 82%
Magic:  4/4        EV: 18    Int: 11    God:
Gold:   0          SH:  0    Dex: 17    Spells: 2/2 levels left
                                        Lives:  0   Deaths: 0

rFire   . . .      SeeInvis +     - Unarmed
rCold   . . .      Faith    .   (shield unavailable)
rNeg    . . .      Spirit   .   (armour unavailable)
rPois   .          Reflect  .   (helmet unavailable)
rElec   .          Harm     .   (cloak unavailable)
rCorr   .          Rampage  .   (gloves unavailable)
Will    .....                   (boots unavailable)
Stlth   ++++......              (no amulet)
HPRegen 0.05/turn               (no ring)
MPRegen 0.09/turn               (no ring)

@: quick
A: very small, claws 1, fangs 3, see invisible, speed 1, shaggy fur 1, stealthy
paws, no weapons or thrown items, no armour, multi-lived
a: no special abilities


You were on level 5 of the Dungeon.
You visited 1 branch of the dungeon, and saw 1 of its levels.

Inventory:

Wands
 e - a wand of digging (3)
Scrolls
 a - a scroll of fog
 b - a scroll of magic mapping
 c - a scroll of fear
Potions
 d - a potion of haste
 f - a potion of curing {unknown}


   Skills:
 - Level 3.0 Fighting
 + Level 3.6 Dodging
 * Level 7.6 Stealth
 + Level 2.6 Unarmed Combat


You had 2 spell levels left.
You didn't know any spells.
Your spell library was empty.

Dungeon Overview and Level Annotations

Branches:
Dungeon (5/15)
 Temple: D:4-7

Altars:


Innate Abilities, Weirdness & Mutations

You have sharp claws.
You have razor-sharp teeth.
You have supernaturally acute eyesight. (SInv)
You cover ground quickly. (Speed+)
You are covered in fur. (AC +1)
Your paws help you pounce on unaware monsters.
You are incapable of wielding weapons or throwing items.
You cannot wear armour.
You gain extra lives every three experience levels.


Message History

The bullfrog zombie hits you.
You scratch the bullfrog zombie.
The bullfrog zombie is moderately damaged.
The bullfrog zombie barely misses you.
You barely miss the bullfrog zombie.
The bullfrog zombie is moderately damaged.
The bullfrog zombie closely misses you. The bullfrog zombie barely misses you.
You barely miss the bullfrog zombie.
The bullfrog zombie is moderately damaged.
The bullfrog zombie hits you.
You are too injured to fight recklessly!
You are too injured to fight recklessly!
You are too injured to fight recklessly!
You are too injured to fight recklessly!
You are too injured to fight recklessly!
You are too injured to fight recklessly!
You are too injured to fight recklessly!
You are too injured to fight recklessly!
You are too injured to fight recklessly!
You scratch the bullfrog zombie.
The bullfrog zombie is moderately damaged.
The bullfrog zombie misses you.
You barely miss the bullfrog zombie.
The bullfrog zombie is moderately damaged.
The bullfrog zombie hits you.
* * * LOW HITPOINT WARNING * * *
You scratch the bullfrog zombie but do no damage.
The bullfrog zombie is moderately damaged.
The bullfrog zombie completely misses you.
You claw the bullfrog zombie!
The bullfrog zombie is heavily damaged.
The bullfrog zombie closely misses you. The bullfrog zombie hits you.
* * * LOW HITPOINT WARNING * * *
You scratch the bullfrog zombie.
The bullfrog zombie is severely damaged.
The bullfrog zombie completely misses you.
You scratch the bullfrog zombie.
The bullfrog zombie is almost destroyed.
The bullfrog zombie hits you.
You die...

.......#.#.###
......>......#
.........###.#
##.......# #.#
.#.####### #.# ##.#
#.# ##. ######.#
##+####......########
.....##.#.......@Z..#
.....# #.#..######.#
.....# #.#..# .....#
# #... .....# #.##
.....# #. .....# #.
.....# #. >....#


You could see a bullfrog zombie.

Vanquished Creatures
  A jelly (D:5)
  A bullfrog skeleton (D:5)
2 creatures vanquished.

Notes
Turn   | Place    | Note
-------+----------+-------------------------------------------
     0 | D:5      | Descartes the Felid Delver began the quest for the Orb.
     0 | D:5      | Reached XP level 1. HP: 10/10 MP: 2/2
    40 | D:5      | Noticed a jelly
    43 | D:5      | Killed a jelly
    44 | D:5      | Reached skill level 7 in Stealth
    44 | D:5      | Reached XP level 2. HP: 14/14 MP: 3/3
    44 | D:5      | Reached XP level 3. HP: 17/17 MP: 4/4
   247 | D:5      | Slain by a bullfrog zombie

Illustrated notes

Levels and vault maps discovered:
D:5:      layout_basic

Skill      XL: |  1 |
---------------+----+-----
Dodging        | 3 |  3.6
Stealth        | 7 |  7.6
Fighting       | |  3.0
Unarmed Combat | |  2.6

Action                   || total
-------------------------++-------
Melee: Unarmed           ||    24
       Bite              ||     3
       Punch             ||     1
 Stab: Sleeping          ||     1
Armor: Skin              ||     1
Dodge: Dodged            ||    19
